 Dungeon Crawl Stone Soup version 0.20-a0-945-g3bf614a (webtiles) character file.

114 Krakonus1 the Shield-Bearer (level 4, -2/31 HPs)
             Began as an Octopode Fighter on Apr 1, 2017.
             Killed from afar by an orc wizard (4 damage)
             ... with a puff of flame
             ... on level 3 of the Dungeon.
             The game lasted 00:08:29 (2369 turns).

Krakonus1 the Shield-Bearer (Octopode Fighter)      Turns: 2369, Time: 00:08:30

Health: -2/31      AC:  1    Str: 15    XL:     4   Next: 98%
Magic:  4/4        EV: 12    Int: 10    God:
Gold:   99         SH:  0    Dex: 12    Spells: 3/3 levels left

rFire    . . .     SeeInvis .   p - +1 whip (elec)
rCold    . . .     Gourm    .   b - +0 shield
rNeg     . . .     Faith    .   (helmet restricted)
rPois    .         Spirit   .   (no amulet)
rElec    .         Reflect  .   (no ring)
rCorr    .         Harm     .   (no ring)
MR       .....                  (no ring)
Stlth    ++........             (no ring)
Regen    0.1/turn               (no ring)
MPRegen  0.1/turn               (no ring)
                                (no ring)
                                (no ring)

@: confused
A: almost no armour, stealthy swim, amphibious, 8 rings, constrict 8, camouflage
1, gelatinous body 1
a: no special abilities


You were on level 3 of the Dungeon.
You were not hungry.

You visited 1 branch of the dungeon, and saw 3 of its levels.

You collected 99 gold pieces.

Inventory:

Hand Weapons
 a - a +0 long sword
 p - a +1 whip of electrocution (weapon)
Missiles
 j - 100 stones (quivered)
Armour
 b - a +0 shield (worn)
 n - a +0 buckler
Scrolls
 e - 3 scrolls of identify {unknown}
 i - a scroll of fog {unknown}
 k - 2 scrolls of remove curse {unknown}
 o - a scroll of blinking {unknown}
 q - a scroll of recharging {unknown}
Potions
 c - 2 potions of might
 f - a potion of curing {unknown}
 g - a potion of flight {unknown}
Comestibles
 d - 2 bread rations
 h - a royal jelly
 l - a meat ration
 m - 5 chunks of flesh


   Skills:
 - Level 3.0 Fighting
 - Level 2.0 Long Blades
 - Level 3.0 Dodging
 * Level 5.5 Shields


You had 3 spell levels left.
You didn't know any spells.

Dungeon Overview and Level Annotations

Branches:
Dungeon (3/15)

Altars:
Uskayaw


Innate Abilities, Weirdness & Mutations

You cannot wear most types of armour.
You are very stealthy in the water. (Stealth+)
You are amphibious.
You can wear up to eight rings at the same time.
You can use your tentacles to constrict eight enemies at once.
Your skin changes colour to match your surroundings (Stealth+).
Your rubbery body absorbs attacks. (AC +1, EV +1)


Message History

A puff of flame appears from out of thin air!
The puff of flame misses you.
You closely miss something. You squeeze something. Something hits you.
You miss something. Something hits you.
You barely miss something. Something hits you.
* * * LOW HITPOINT WARNING * * *
Something hits you.
* * * LOW HITPOINT WARNING * * *
You hit something. Your squeeze misses something. Something hits you.
* * * LOW HITPOINT WARNING * * *
You miss something.
You hear some strange, mumbled words.
You are confused.
You barely miss something. Something hits you.
* * * LOW HITPOINT WARNING * * *
You bump into the rock wall.
You hear some strange, mumbled words.
A puff of flame appears from out of thin air!
The puff of flame hits you!
You die...

###################.#
#..............@{...# ####
#.################### #... #.#
.# #... #.# #.# #... #.# #.#
#... #.# ##################.#
#.. #.# #..........#....##.# #.#
#.###..........#....##.######)##
#...............................


There were no monsters in sight!

Vanquished Creatures
  An orc priest (D:3)
  3 adders
  A dart slug (D:1)
  A worm (D:2)
  2 leopard geckos (D:1)
  4 orcs (D:3)
  6 goblins
  4 hobgoblins
  2 jackals (D:1)
  A ball python (D:3)
  8 bats
  4 frilled lizards
  6 kobolds
  10 rats
53 creatures vanquished.

Notes
Turn   | Place    | Note
-------+----------+-------------------------------------------
     0 | D:1      | Krakonus1 the Octopode Fighter began the quest for the Orb.
     0 | D:1      | Reached XP level 1. HP: 16/16 MP: 1/1
   286 | D:1      | Reached XP level 2. HP: 21/21 MP: 2/2
   748 | D:1      | Reached skill level 4 in Shields
   833 | D:1      | Reached XP level 3. HP: 26/26 MP: 3/3
  1692 | D:2      | Noticed a dagger
  1692 | D:2      | Noticed a hand axe
  1694 | D:2      | Found a hide-covered altar of Uskayaw.
  1704 | D:2      | Reached XP level 4. HP: 30/31 MP: 4/4
  2308 | D:3      | Reached skill level 5 in Shields
  2369 | D:3      | Killed from afar by an orc wizard

Vault maps used:
D:1:      dpeg_arrival_another_circle
D:2:      dancing_weapons_uskayaw

Skill      XL: |  1  2  3  4 |
---------------+-------------+-----
Shields        | 4 5 |  5.5
Fighting       | |  3.0
Long Blades    | |  2.0
Dodging        | |  3.0

Action                   |  1- 3 |  4- 6 || total
-------------------------+-------+-------++-------
Melee: Long sword        |    69 |     6 ||    75
       Constrict         |    17 |     7 ||    24
       Tentacles         |     5 |     5 ||    10
       Whip              |       |    30 ||    30
 Stab: Sleeping          |     9 |     2 ||    11
       Distracted        |     1 |       ||     1
  Eat: Chunk             |     3 |     2 ||     5
Armor: Skin              |     9 |     3 ||    12
Dodge: Dodged            |    29 |    16 ||    45
Block: Shield            |    30 |    12 ||    42
       Rpst.: Long sword |     6 |     3 ||     9
